 Dungeon Crawl Stone Soup version 0.25-a0-97-g19cdb01801 (webtiles) character file.

Game seed: 12611531364870521892, levelgen mode: deterministic

14088 DavidChitty2 the Thaumaturge (level 11, -2/66 HPs)
             Began as a Deep Elf Wizard on Nov 12, 2019.
             Was an Elder of Vehumet.
             Slain by an elephant (16 damage)
             ... in a Gauntlet.
             The game lasted 00:51:11 (19235 turns).

DavidChitty2 the Thaumaturge (Deep Elf Wizard)     Turns: 19235, Time: 00:51:11

Health: -2/66      AC: 14    Str:  4    XL:     11   Next: 84%
Magic:  0/29       EV: 17    Int: 32    God:    Vehumet [****..]
Gold:   651        SH:  5    Dex: 13    Spells: 17/35 levels left

rFire    . . .     SeeInvis .   b - +1 hunting sling
rCold    . . .     Gourm    .   r - +0 buckler
rNeg     . . .     Faith    .   B - +3 leather armour {MR+}
rPois    .         Spirit   .   y - +2 hat
rElec    .         Reflect  .   (no cloak)
rCorr    .         Harm     .   o - +2 pair of gloves
MR       +++..     NoTele   +   C - +2 pair of boots {run}
Stlth    ++........             (no amulet)
HPRegen  0.21/turn              l - ring of protection from magic
MPRegen  0.21/turn              D - +5 ring of intelligence

@: quick
A: no striking features
a: Renounce Religion


You were in a Gauntlet.
You worshipped Vehumet.
Vehumet was greatly pleased with you.
You were hungry.

You visited 3 branches of the dungeon, and saw 14 of its levels.
You also visited: Gauntlet.

You collected 651 gold pieces.

Inventory:

Hand Weapons
 a - the +9 spear "Riroipsu" {venom, rElec rF+ rN+ Int-4}
   (You found it on level 11 of the Dungeon)

   It poisons the flesh of those it strikes.
   It affects your intelligence (-4).
   It protects you from fire.
   It insulates you from electricity.
   It protects you from negative energy.
 b - a +1 hunting sling (weapon)
   (You found it on level 2 of the Dungeon)
 w - a +0 spear
   (You found it on level 1 of the Dungeon)
 R - a +1 dagger of venom
   (You took it off a goblin on level 1 of the Dungeon)
Missiles
 n - 438 stones (quivered)
 p - 23 poisoned darts
 q - 82 sling bullets
 K - a throwing net {!f}
Armour
 o - a +2 pair of gloves (worn)
   (You found it on level 3 of the Dungeon)
 r - a +0 buckler (worn)
   (You found it on level 5 of the Dungeon)
 y - a +2 hat (worn)
   (You found it on level 3 of the Dungeon)
 B - a +3 leather armour of magic resistance (worn)
   (You found it on level 7 of the Dungeon)
 C - a +2 pair of boots of running (worn)
   (You found it on level 3 of the Dungeon)
Jewellery
 l - a ring of protection from magic (left hand)
   (You found it on level 5 of the Dungeon)
 z - an uncursed ring of see invisible
   (You found it on level 9 of the Dungeon)
 D - a +5 ring of intelligence (right hand)
   (You took it off an orc on level 8 of the Dungeon)
 J - an uncursed ring of wizardry
   (You found it on level 9 of the Dungeon)
Wands
 c - a wand of disintegration (11)
   (You found it on level 11 of the Dungeon)
 d - a wand of iceblast (12)
   (You found it on level 9 of the Dungeon)
 h - a wand of enslavement (25)
   (You found it on level 7 of the Dungeon)
 u - a wand of clouds (6)
   (You took it off Ijyb on level 5 of the Dungeon)
 v - a wand of digging (3)
   (You found it on level 8 of the Dungeon)
 x - a wand of acid (15)
   (You found it on level 7 of the Dungeon)
Scrolls
 f - a scroll of enchant weapon
 m - a scroll of identify {@r1}
 s - 9 scrolls of teleportation {@r4}
 t - 3 scrolls of enchant armour
 F - 2 scrolls of remove curse {@r2}
 I - 2 scrolls of fog
Potions
 g - 5 potions of curing {@q1}
 i - 3 potions of berserk rage
 j - 2 potions of flight
 k - a potion of brilliance
 A - 3 potions of heal wounds {@q2}
 E - a potion of might
 G - 2 potions of invisibility
 H - a potion of agility
 O - a potion of magic {unknown}
 Q - 5 potions of lignification {!q}
Comestibles
 e - 20 rations {!d}


   Skills:
 + Level 6.4 Fighting
 - Level 2.0 Armour
 + Level 11.6 Dodging
 - Level 2.4 Stealth
 - Level 4.0 Shields
 + Level 12.9 Spellcasting
 - Level 5.0 Conjurations
 - Level 2.0 Summonings
 - Level 2.0 Translocations
 - Level 3.0 Transmutations
 - Level 3.0 Fire Magic
 - Level 4.0 Air Magic
 - Level 6.0 Poison Magic


You had 17 spell levels left.
You knew the following spells:

 Your Spells              Type           Power        Failure   Level  Hunger
a - Magic Dart            Conj           ####         1%          1    None
b - Blink                 Tloc           N/A          2%          2    None
c - Conjure Flame         Conj/Fire      #####...     1%          3    None
d - Ignite Poison         Fire/Tmut/Pois #####...     1%          3    None
m - Mephitic Cloud        Conj/Pois/Air  ######..     1%          3    None
o - Olgreb's Toxic Radia  Pois           ######..     1%          4    None
x - Call Imp              Summ           ####....     2%          2    None

Your spell library contained the following spells:

 Spells                   Type           Power        Failure   Level  Hunger
 Force Lance              Conj/Tloc      #####...     2%          4    None
 Sandblast                Erth           ###...       1%          1    None
 Sting                    Conj/Pois      ####         1%          1    None
 Poisonous Vapours        Pois/Air       ######       1%          2    None
 Stone Arrow              Conj/Erth      #####.       1%          3    None
 Passwall                 Tmut/Erth      ####....     3%          2    None
 Venom Bolt               Conj/Pois      ######....   3%          5    None
 Slow                     Hex            ###.....     6%          2    None
 Petrify                  Tmut/Erth      ####....     21%         4    None
 Lee's Rapid Deconstruct  Erth           ###.......   28%         5    None


Dungeon Overview and Level Annotations

Branches:
Dungeon (11/15)            Temple (1/1) D:5            Lair (2/6) D:11
    Orc (0/2) D:10        Gauntlet (1/1)
  Swamp: Lair:2-4    Shoals: Lair:2-4     Snake: Lair:2-4    Spider: Lair:2-4

Altars:
Ashenzari
Cheibriados
Dithmenos
Elyvilon
Fedhas
Gozag
Hepliaklqana
Kikubaaqudgha
Makhleb
Nemelex Xobeh
Okawaru
Qazlal
Ru
Sif Muna
Trog
Uskayaw
Vehumet
Wu Jian
Xom
Yredelemnul
Zin
The Shining One
Jiyva

Shops:
D:5 *

Annotations:
D:7 exclusion: downstairs
D:9 exclusion: downstairs
Lair:1 exclusion: 3 oklob plants Gauntlet 11 transporters, exclusion: 2 obsidian statues


Message History

The elephant blinks!
You blink.
You enter a dispersal trap!
The elephant blinks! x2; The dire elephant blinks!
You blink.
The elephant blinks!
You ignite the poison in your surroundings!
The elephant seems to burn from within!!!
You kill the elephant!
Vehumet accepts your kill.
You feel your power returning.
The elephant seems to burn from within.
The dire elephant seems to burn from within!!
The dire elephant is poisoned.
The elephant is poisoned.
You ignite the poison in your surroundings!
The elephant seems to burn from within!!
The dire elephant seems to burn from within!
The dire elephant is poisoned.
The elephant is poisoned.
Your toxic aura wanes.
Aim: a dire elephant (heavily wounded, poisoned)
The magic dart hits the dire elephant but does no damage.
The elephant tramples you but does no damage.
The elephant barely misses you. The dire elephant misses you.
The dire elephant trunk-slaps you!
Aim: a dire elephant (heavily wounded, poisoned)
The magic dart hits the dire elephant.
The elephant barely misses you. The elephant trunk-slaps you.
The dire elephant barely misses you. The dire elephant trunk-slaps you!
You begin to radiate toxic energy.
The dire elephant looks even sicker.
The elephant tramples you but does no damage.
The elephant trunk-slaps you. The dire elephant closely misses you.
You block the dire elephant's attack.
You ignite the poison in your surroundings!
The elephant seems to burn from within!!
The dire elephant seems to burn from within!!
The dire elephant is poisoned.
The elephant is poisoned.
You block the elephant's attack. The elephant misses you.
The dire elephant tramples you.
You stumble backwards!
Really walk into that dispersal trap?
You enter a dispersal trap!
The dire elephant blinks!
You blink.
Okay, then.
Your toxic aura wanes.
You don't have enough magic to cast that spell.
You begin to radiate toxic energy.
The elephant looks even sicker.
The dire elephant tramples you but does no damage.
You block the dire elephant's attack. The elephant tramples you.
You hold your ground!
The elephant trunk-slaps you.
The elephant looks even sicker.
Your toxic aura wanes.
The dire elephant looks more healthy.
The dire elephant tramples you!!
* * * LOW HITPOINT WARNING * * *
You hold your ground!
You block the dire elephant's attack. The elephant tramples you!
You die...

.###########...............≈#
.##.#.#.#..#...#########...##
.#.....©4#.#...#?##©...#...§#
.#}##.#.#.######:=##^.##...##
.#.##.#.P..#...#.^.#.###...≈#
.#©.####.###©8©#©##.##.#©8.##
.#!###P.#.##...###.#.^.#...≈#
.##".##.##4######Y^##..#...##
.#.#.2#P.#4#...#@Y..##.#...§#
.######.####...#########...##
.###########...............§#
.............8.....8.....8.##
8.....8.....................##
..............###########...≈#
..#########...##.......##...##
..###zz##z#...#.#.....#.#.∩.≈#
..#[.##zz######%.#...#..#...##


You could see a dire elephant, an elephant, 2 hellwings and a flying skull.

Vanquished Creatures
  2 hydras
  3 two-headed ogres
  Pikel (D:4)
  A torpor snail (Lair:2)
  An elephant (Gauntlet)
  A spiny frog (Lair:1)
  A komodo dragon (Lair:1)
  A centaur skeleton (D:10)
  6 blink frogs (Lair:1)
  2 hippogriffs
  A shadow (D:11)
  A spriggan (D:7)
  3 yaks (D:11)
  A basilisk (D:11)
  5 porcupines
  5 ice beasts
  A phantom (D:7)
  7 orc warriors
  6 sky beasts
  4 slaves (D:4)
  A black bear (D:11)
  2 ogres
  3 centaurs
  A crocodile (Lair:2)
  11 bullfrogs
  A gnoll sergeant (D:9)
  A water moccasin zombie (D:8)
  5 scorpions
  A water moccasin skeleton (D:10)
  14 killer bees
  5 wights (D:9)
  5 howler monkeys
  5 jellies
  5 crimson imps
  2 bullfrog zombies
  2 bullfrog skeletons
  3 quasits
  9 orc wizards
  5 hounds
  7 orc priests
  Ijyb (D:5)
  An iguana (D:9)
  11 worker ants
  9 gnolls
  8 adders
  3 shadow imps
  An ooze (D:3)
  An adder zombie (D:6)
  A worm (D:3)
  A dart slug (D:3)
  5 leopard geckos
  71 orcs
  A ball python (D:3)
  5 giant cockroaches
  7 goblins
  6 hobgoblins
  14 jackals
  4 quokkas
  A ball python skeleton (D:5)
  8 bats
  5 frilled lizards
  7 kobolds
  2 leopard gecko skeletons
  4 rats
  4 plants
322 creatures vanquished.

Vanquished Creatures (collateral kills)
  A wyvern skeleton (D:7)
  A killer bee (D:8)
  A crimson imp (D:7)
  3 adders
  4 worms
  A hobgoblin (D:3)
  A jackal (D:2)
  A ball python (D:2)
  A leopard gecko zombie (D:5)
14 creatures vanquished.

Vanquished Creatures (others)
  A killer bee (D:8)
  A withered plant (Gauntlet)
2 creatures vanquished.

Grand Total: 338 creatures vanquished

Notes
Turn   | Place    | Note
-------+----------+-------------------------------------------
     0 | D:1      | DavidChitty2 the Deep Elf Wizard began the quest for the
                  | Orb.
     0 | D:1      | Reached XP level 1. HP: 10/10 MP: 7/7
   501 | D:1      | Reached XP level 2. HP: 15/15 MP: 3/9
   598 | D:1      | Learned a level 2 spell: Blink
   601 | D:1      | Learned a level 2 spell: Call Imp
  1330 | D:2      | Found a white marble altar of Elyvilon.
  1416 | D:2      | Reached XP level 3. HP: 13/19 MP: 0/11
  1592 | D:2      | Learned a level 3 spell: Mephitic Cloud
  1596 | D:2      | Learned a level 3 spell: Conjure Flame
  2947 | D:3      | Reached XP level 4. HP: 24/24 MP: 10/12
  3273 | D:3      | Found an ornate altar of the Wu Jian Council.
  3348 | D:3      | Found a shimmering blue altar of Sif Muna.
  3525 | D:3      | Reached skill level 1 in Poison Magic
  3776 | D:3      | Identified a +2 pair of boots of running (You found it on
                  | level 3 of the Dungeon)
  3929 | D:3      | Found a blossoming altar of Fedhas.
  3931 | D:3      | Found an ancient bone altar of Kikubaaqudgha.
  4021 | D:3      | Found a bloodstained altar of Trog.
  4173 | D:4      | Noticed a slave
  4177 | D:4      | Noticed a bullfrog
  4219 | D:4      | Reached skill level 5 in Spellcasting
  4222 | D:4      | Noticed a slave
  4226 | D:4      | Reached skill level 1 in Fire Magic
  4226 | D:4      | Reached XP level 5. HP: 28/28 MP: 2/14
  4491 | D:4      | Reached skill level 1 in Air Magic
  4540 | D:4      | Noticed a slave
  4540 | D:4      | Noticed a slave
  4551 | D:4      | Killed a slave
  4555 | D:4      | Killed a slave
  4565 | D:4      | Noticed Pikel
  4566 | D:4      | Killed a slave
  4589 | D:4      | Killed a slave
  4976 | D:4      | Found a sparkling altar of Nemelex Xobeh.
  5028 | D:4      | Killed Pikel
  5028 | D:4      | Reached skill level 6 in Spellcasting
  5028 | D:4      | Reached XP level 6. HP: 32/32 MP: 4/17
  5028 | D:4      | Reached XP level 7. HP: 36/36 MP: 4/18
  5211 | D:5      | Entered Level 5 of the Dungeon
  5434 | D:5      | Found Caef Zuc's General Store.
  5465 | D:5      | Reached skill level 1 in Shields
  5574 | D:5      | Noticed Ijyb
  5603 | D:5      | Killed Ijyb
  5603 | D:5      | Reached skill level 5 in Dodging
  5604 | D:5      | Found a staircase to the Ecumenical Temple.
  5617 | Temple   | Entered the Ecumenical Temple
  5823 | Temple   | Became a worshipper of Vehumet
  6010 | D:5      | Found a sacrificial altar of Ru.
  6065 | D:5      | Found a hide-covered altar of Uskayaw.
  6096 | D:5      | Found a burning altar of Makhleb.
  6593 | D:5      | Reached XP level 8. HP: 41/41 MP: 16/20
  7000 | D:6      | Reached skill level 7 in Spellcasting
  7574 | D:6      | Reached * piety under Vehumet
  7574 | D:6      | Offered knowledge of Sting by Vehumet.
  7758 | D:6      | Found an iron altar of Okawaru.
  8477 | D:7      | Reached skill level 8 in Spellcasting
  8722 | D:7      | Reached skill level 1 in Fighting
  8787 | D:7      | Found a shattered altar of Ashenzari.
  8825 | D:7      | Reached XP level 9. HP: 42/47 MP: 6/23
  9336 | D:7      | Learned a level 4 spell: Olgreb's Toxic Radiance
  9922 | D:8      | Noticed a two-headed ogre
 10029 | D:8      | Reached skill level 1 in Armour
 10055 | D:8      | Reached skill level 5 in Conjurations
 10315 | D:8      | Offered knowledge of Searing Ray by Vehumet.
 10337 | D:8      | Reached ** piety under Vehumet
 10658 | D:8      | Reached skill level 9 in Spellcasting
 10666 | D:8      | Reached skill level 5 in Poison Magic
 10789 | D:8      | Killed a two-headed ogre
 11029 | D:8      | Reached XP level 10. HP: 53/53 MP: 16/25
 11054 | D:8      | Offered knowledge of Throw Frost by Vehumet.
 11672 | D:8      | Found a stormy altar of Qazlal.
 11730 | D:8      | Reached *** piety under Vehumet
 12024 | D:9      | Reached skill level 10 in Spellcasting
 12277 | D:9      | Found a flagged portal.
 12402 | D:9      | Offered knowledge of Sticky Flame by Vehumet.
 13573 | D:10     | Entered Level 10 of the Dungeon
 13573 | D:10     | Noticed a two-headed ogre
 13850 | D:10     | Killed a two-headed ogre
 13850 | D:10     | Reached skill level 11 in Spellcasting
 14136 | D:10     | Reached **** piety under Vehumet
 14157 | D:10     | Reached skill level 10 in Dodging
 14239 | D:10     | Offered knowledge of Ignite Poison by Vehumet.
 14325 | D:10     | Learned a level 3 spell: Ignite Poison
 14626 | D:10     | Found a staircase to the Orcish Mines.
 15118 | D:11     | Reached XP level 11. HP: 62/62 MP: 24/28
 15255 | D:11     | Reached skill level 1 in Transmutations
 15320 | D:11     | Noticed a two-headed ogre
 15324 | D:11     | Killed a two-headed ogre
 15576 | D:11     | Reached skill level 5 in Fighting
 16007 | D:11     | Got a scorched spear
 16127 | D:11     | Found a staircase to the Lair.
 16232 | Lair:1   | Entered Level 1 of the Lair of Beasts
 16232 | Lair:1   | Noticed a six-headed hydra
 16335 | D:11     | Killed a six-headed hydra
 16335 | D:11     | Reached skill level 12 in Spellcasting
 17162 | Lair:1   | Reached ***** piety under Vehumet
 17237 | Lair:1   | Noticed a five-headed hydra
 17291 | Lair:1   | Killed a five-headed hydra
 17544 | Lair:1   | Noticed an oklob plant
 17544 | Lair:1   | Noticed an oklob plant
 17547 | Lair:1   | Noticed an oklob plant
 17743 | Lair:1   | Offered knowledge of Force Lance by Vehumet.
 18142 | Lair:1   | Found a snail-covered altar of Cheibriados.
 18610 | Lair:1   | Identified the +9 spear "Riroipsu" {venom, rElec rF+ rN+
                  | Int-4} (You found it on level 11 of the Dungeon)
 18719 | Lair:2   | Found a gate leading to a gauntlet.
 18748 | Gauntlet | Entered a Gauntlet
 18748 | Gauntlet | Found a transporter.
 18859 | Gauntlet | Found a transporter.
 18860 | Gauntlet | Noticed an obsidian statue
 18861 | Gauntlet | Found a transporter.
 18861 | Gauntlet | Found a transporter.
 18873 | Gauntlet | Noticed an obsidian statue
 18877 | Gauntlet | Found a transporter.
 18887 | Gauntlet | Found a transporter.
 18907 | Gauntlet | Found a transporter.
 18919 | Gauntlet | Noticed a reaper
 18920 | Gauntlet | Found a transporter.
 18937 | Gauntlet | Found a transporter.
 18941 | Gauntlet | Found a transporter.
 18950 | Gauntlet | Found a transporter.
 18957 | Gauntlet | Noticed a dire elephant
 18974 | Gauntlet | Found a transporter.
 19235 | Gauntlet | Slain by an elephant

Levels and vault maps discovered:
D:1:      roderic_crossed_star, layout_basic, kennysheep_small_spiral,
          minmay_close_crescents
D:2:      layout_loops_ring, lemuel_crystal_altar, first_ration
D:3:      layout_basic, grunt_temple_overflow_growth_and_decay,
          lemuel_coloured_pillars_altar, lemuel_round_altar, marbit_many_paths
D:4:      layout_basic, nemelex_altar_shiori, uniq_pikel
D:5:      layout_loops_ring, kennysheep_mini, kennysheep_little_box,
          overflow_temple_1_default, minmay_temple_entry_ruins, serial_shops,
          nicolae_shop_crystal, kennysheep_small_circle, uniq_ijyb
D:6:      layout_basic, lemuel_round_altar, minivault_27,
          kennysheep_another_room
D:7:      layout_loops_corners, kennysheep_mini_moat, dk_noncrumbling_4,
          the_bakery
D:8:      layout_rooms, nicolae_qazlal_eye_of_the_storm, special_room
          [special_room_orc], minmay_misc_feat_x
D:9:      layout_long_grid, enter_bailey_2
D:10:     layout_cave_pools, hiddenorc2_lemuel
D:11:     layout_rooms, grunt_lair_entry_orc_guard_hut
Temple:   pf_slimified_temple
Lair:1:   layout_chaotic_city, basic_altar, minmay_lair_oklob_chamber,
          lemuel_fruit_tree, infiniplex_staircase_pool_2, grunt_megastairs_5
Lair:2:   layout_cave_pods, minmay_shoals_entry_beasts, gauntlet_entry_generic,
          serial_bayou_shore_b
Gauntlet: minmay_gauntlet_mixed_oops_all_seconds
          [minmay_gauntlet_arena_77_squiggly, nicolae_gauntlet_arena_x,
          minmay_gauntlet_arena_77_fan, nicolae_gauntlet_arena_t_cross,
          minmay_gauntlet_arena_77_mess, gammafunk_gauntlet_arena_mazey,
          gauntlet_exit_green]

Skill      XL: |  1  2  3  4  5  6  7  8  9 10 11 |
---------------+----------------------------------+-----
Conjurations   | 2 3 4 5 |  5.0
Dodging        | 3 4 5 6 8 10 11 | 11.6
Poison Magic   | 1 3 5 6 |  6.0
Spellcasting   | 5 6 8 9 11 12 | 12.9
Translocations | 2 |  2.0
Summonings     | 2 |  2.0
Fire Magic     | 1 3 |  3.0
Air Magic      | 2 3 4 |  4.0
Shields        | 2 4 |  4.0
Fighting       | 1 2 4 6 |  6.4
Armour         | 2 |  2.0
Transmutations | 3 |  3.0
Stealth        | |  2.4

Action                   |  1- 3 |  4- 6 |  7- 9 | 10-12 || total
-------------------------+-------+-------+-------+-------++-------
Melee: Dagger            |     1 |       |       |       ||     1
       Hunting sling     |       |       |     2 |       ||     2
 Fire: Hunting sling     |    31 |    20 |    56 |    38 ||   145
 Cast: Magic Dart        |    79 |    81 |   421 |   491 ||  1072
       Call Imp          |     7 |    10 |     9 |       ||    26
       Conjure Flame     |     5 |     3 |    14 |     7 ||    29
       Mephitic Cloud    |       |     3 |    20 |    25 ||    48
       Blink             |       |       |     1 |     6 ||     7
       Olgreb's Toxic Ra |       |       |     1 |    56 ||    57
       Ignite Poison     |       |       |       |    39 ||    39
  Use: Scroll            |       |    10 |     9 |     6 ||    25
       Potion            |       |       |       |     1 ||     1
  Eat: Chunk             |     6 |     3 |    10 |    10 ||    29
       Ration            |       |     1 |     2 |     4 ||     7
Armor: Robe              |     4 |     6 |    42 |       ||    52
       Leather armour    |       |       |    24 |    74 ||    98
Dodge: Dodged            |    13 |    14 |   141 |   176 ||   344
Block: Buckler           |       |       |    26 |    56 ||    82

Table legend:
 A = Non-vault XP
 B = Vault XP
 C = Vault XP percentage of total XP
 D = Non-vault monster count
 E = Vault monster count
 F = Vault count percentage of total count
                 A         B        C        D         E       F
            +---------+---------+-------+---------+---------+-------
      Total |   16402 |    3724 |  18.5 |     253 |      76 |  23.1
            +---------+---------+-------+---------+---------+-------
        D:1 |      25 |       5 |  16.7 |      17 |       2 |  10.5
        D:2 |      66 |       0 |   0.0 |      20 |       0 |   0.0
        D:3 |      44 |      13 |  22.8 |      19 |       1 |   5.0
        D:4 |     171 |     607 |  78.0 |       6 |       1 |  14.3
        D:5 |     300 |     248 |  45.3 |      12 |       5 |  29.4
        D:6 |     699 |       0 |   0.0 |      22 |       0 |   0.0
        D:7 |     904 |     215 |  19.2 |      22 |       1 |   4.3
        D:8 |    2945 |     253 |   7.9 |      42 |      25 |  37.3
        D:9 |    1551 |       0 |   0.0 |      39 |       0 |   0.0
       D:10 |    2246 |     566 |  20.1 |      17 |      32 |  65.3
       D:11 |    3720 |     606 |  14.0 |      24 |       5 |  17.2
     Lair:1 |    3070 |     777 |  20.2 |      10 |       3 |  23.1
     Lair:2 |     661 |       0 |   0.0 |       3 |       0 |   0.0
   Gauntlet |       0 |     434 | 100.0 |       0 |       1 | 100.0
            +---------+---------+-------+---------+---------+-------
